Wild vs Falcons

Created - Thursday, January 28, 2016 at 23:53

Goals
1 2 3 OT1 T
Wild 0 1 0 0 1
Falcons 0 1 0 1 2
Shots
1 2 3 OT1 T
Wild 11 4 11 3 29
Falcons 6 4 12 3 25

1st period

No Goal

Penalties :
Eric Tangradi (SPR) for Hooking (Minor) at 1:08, Michael Kostka (SPR) for Fighting (Major) at 19:52, Jani Hakanpaa (IOW) for Fighting (Major) at 19:52, Michael Kostka (SPR) for instigated a fight (Minor) at 19:52, Michael Kostka (SPR) for instigated a fight (10 Minutes Misconduct) at 19:52

2nd period

1. Falcons , Shane Harper 3 (Greg Rallo) at 5:19 (PP)
2. Wild , Chris Summers 3 (Alex Friesen, Shane O'Brien) at 13:01

Penalties :
Micheal Haley (IOW) for Hooking (Minor) at 4:42, Henri Ikonen (IOW) for High sticking (Minor) at 18:01

3rd period

No Goal

Penalties :
Francis Wathier (IOW) for Tripping (Minor) at 8:36, David Wolf (IOW) for Hooking (Minor) at 17:25

Overtime #1

3. Falcons , Brandon Davidson 9 (Vincent LoVerde, Shane Harper) at 2:19

Penalties :
No Penalty

Goalie Stats

Jordan Binnington (IOW), 23 saves from 25 shots - (0.920), OTL, 21-10-11, 62:19 minutes
Christopher Gibson (SPR), 28 saves from 29 shots - (0.966), W, 17-8-7, 62:19 minutes

Players Stats for Wild

Player Name              G  A  P  +/- PIM S  H  SB GA TA FO     MP     PP MP  PK MP  
------------------------------------------------------------------------------------
Alex Friesen             0  1  1   0  0   3  0  0  0  0  3/5    15:48   0:00   0:00 
Anthony Camara           0  0  0   1  0   1  0  0  1  1  3/7    12:50   0:00   2:51 
Cam Janssen              0  0  0   1  0   0  3  0  0  0  0/0     9:24   0:00   0:00 
Chris Summers            1  0  1   1  0   2  1  4  3  3  0/0    26:15   2:08   5:08 
Colin Stuart             0  0  0   0  0   2  2  0  1  0  5/12   24:03   2:10   3:30 
Dan Catenacci            0  0  0   0  0   2  1  1  5  2  1/1    18:26   1:48   0:46 
David Wolf               0  0  0   0  2   2  1  0  4  1  10/14  17:12   1:48   0:00 
Francis Wathier          0  0  0  -1  2   1  1  0  0  0  1/1    15:28   0:00   0:13 
Henri Ikonen             0  0  0   0  2   1  0  0  0  0  1/1    14:23   0:00   0:00 
Jani Hakanpaa            0  0  0   0  5   1  0  0  0  0  0/0    13:52   0:00   0:09 
Jerome Leduc             0  0  0   0  0   0  1  0  0  1  0/0     5:31   0:00   0:00 
Jon Landry               0  0  0  -1  0   1  3  0  0  0  0/0    21:25   1:50   1:26 
Mark Van Guilder         0  0  0   0  0   2  2  0  0  0  5/8    20:20   2:10   5:20 
Michael Keranen          0  0  0   0  0   2  0  0  1  0  0/0    16:38   1:48   0:00 
Micheal Haley            0  0  0   0  2   4  1  0  1  1  1/1    13:25   2:10   0:28 
Mike Moore               0  0  0   0  0   2  0  1  0  2  0/0    14:38   0:00   0:00 
Shane O'Brien            0  1  1   1  0   1  3  1  4  2  0/0    21:38   2:08   5:08 
Steve Eminger            0  0  0  -1  0   2  3  1  1  0  0/0    21:25   1:50   1:26 

Players Stats for Falcons

Player Name              G  A  P  +/- PIM S  H  SB GA TA FO     MP     PP MP  PK MP  
------------------------------------------------------------------------------------
Brandon Davidson         1  0  1   1  0   3  0  1  3  1  0/0    18:55   3:40   0:00 
Dmitrij Jaskin           0  0  0   1  0   3  6  0  2  1  2/6    19:00   0:00   0:00 
Drayson Bowman           0  0  0  -1  0   2  3  2  3  1  4/9    21:51   3:38   0:00 
Duncan Siemens           0  0  0   0  0   0  0  3  0  0  0/0    26:03   3:18   3:01 
Emile Poirier            0  0  0   0  0   0  0  0  0  0  0/0     0:23   0:00   0:00 
Eric Tangradi            0  0  0   0  2   2  5  1  0  0  1/1    20:58   2:56   0:00 
Freddie Hamilton         0  0  0   0  0   4  1  0  3  1  0/2    19:54   3:38   1:04 
Greg Rallo               0  1  1   0  0   6  0  0  1  0  0/1    20:10   2:56   0:00 
Henrik Tommernes         0  0  0  -1  0   0  1  5  0  1  0/0    23:42   2:54   1:02 
Jacob De La Rose         0  0  0   0  0   1  1  1  2  0  1/1    23:55   3:38   2:44 
Joey Hishon              0  0  0   0  0   0  0  0  0  0  0/0     0:00   0:00   0:00 
Markus Granlund          0  0  0  -1  0   0  0  1  2  2  6/11   17:00   0:00   0:00 
Michael Kostka           0  0  0   0  17  0  0  0  0  0  0/0    11:38   0:21   0:00 
Shane Harper             1  1  2   0  0   2  3  0  2  0  2/3    21:15   2:56   1:33 
Slater Koekkoek          0  0  0   0  0   1  0  0  0  1  0/0     5:36   0:00   0:57 
Tobias Rieder            0  0  0   0  0   0  2  1  0  1  4/16   17:03   0:00   2:35 
Ville Pokka              0  0  0  -1  0   0  2  1  1  1  0/0     9:56   0:00   0:00 
Vincent LoVerde          0  1  1   1  0   1  4  0  0  2  0/0    27:52   2:55   2:56 

3 Stars

1 - Christopher Gibson (SPR)
2 - Shane Harper (SPR)
3 - Chris Summers (IOW)

Power Play

Wild - 0 on 2 Attempt(s) - 0.00%
Falcons - 1 on 4 Attempt(s) - 25.00%

Penalty Kill

Wild - 3 on 4 Attempt(s) - 75.00% - Score 0 goal in Penalty Kill
Falcons - 2 on 2 Attempt(s) - 100.00% - Score 0 goal in Penalty Kill

Team Stat

Wild - Hits : 22 - Faceoff Wins : 30 - Blocked Shots : 8 - Penalty Minutes : 13
Falcons - Hits : 28 - Faceoff Wins : 20 - Blocked Shots : 16 - Penalty Minutes : 19

Official

Referees : Unknown
Linesman : Unknown

Game Notes

Slater Koekkoek is injured at 17:29 of 1st period (Sprained Right Finger)
Michael Kostka and Jani Hakanpaa fight to a draw at 19:52 of 1st period

Finance

Level 1 -- Attendance: 1634 (81.70%) -- Ticket Income $57,190
Level 2 -- Attendance: 717 (71.70%) -- Ticket Income $10,755
Total Attendance: 2351 (78.37%)
Total Ticket Income: $67,945
Other Income: $33,293
Total Income: $101,238

Wild

5 vs 5 Forward 
   Center                   Left Wing                Right Wing               Time % Phy DF OF 
 1 Mark Van Guilder         Colin Stuart             Micheal Haley            35     1   2  2  
 2 David Wolf               Dan Catenacci            Michael Keranen          30     1   2  2  
 3 Alex Friesen             Francis Wathier          Henri Ikonen             22     1   2  2  
 4 Colin Stuart             Anthony Camara           Cam Janssen              13     1   2  2  

5 vs 5 Defense 
   Defense                  Defense                                           Time % Phy DF OF 
 1 Chris Summers            Shane O'Brien                                     35     1   2  2  
 2 Steve Eminger            Jon Landry                                        30     1   2  2  
 3 Jani Hakanpaa            Mike Moore                                        22     1   2  2  
 4 Jerome Leduc             Chris Summers                                     13     1   2  2  

PowerPlay Forward 
   Center                   Left Wing                Right Wing               Time % Phy DF OF 
 1 Mark Van Guilder         Colin Stuart             Micheal Haley            60     1   2  2  
 2 David Wolf               Dan Catenacci            Michael Keranen          40     1   2  2  

PowerPlay Defense
   Defense                  Defense                                           Time % Phy DF OF 
 1 Chris Summers            Shane O'Brien                                     60     1   2  2  
 2 Steve Eminger            Jon Landry                                        40     1   2  2  

Penalty Kill 4 Players Forward 
   Center                   Wing                     Time % Phy DF OF 
 1 Colin Stuart             Mark Van Guilder         60     1   2  2  
 2 Micheal Haley            David Wolf               40     1   2  2  

Penalty Kill 4 Players Defense
   Defense                  Defense                  Time % Phy DF OF 
 1 Chris Summers            Shane O'Brien            60     1   2  2  
 2 Steve Eminger            Jon Landry               40     1   2  2  

Penalty Kill - 3 Players Forward 
   Forward                                           Time % Phy DF OF 
 1 Colin Stuart                                      60     1   2  2  
 2 Mark Van Guilder                                  40     1   2  2  

Penalty Kill - 3 Players Defense
   Defense                  Defense                  Time % Phy DF OF 
 1 Chris Summers            Shane O'Brien            60     1   2  2  
 2 Steve Eminger            Jon Landry               40     1   2  2  

4 vs 4 Forward 
   Center                   Wing                     Time % Phy DF OF 
 1 Colin Stuart             Mark Van Guilder         60     1   2  2  
 2 Micheal Haley            David Wolf               40     1   2  2  

4 vs 4 Defense
   Defense                  Defense                  Time % Phy DF OF 
 1 Chris Summers            Shane O'Brien            60     1   2  2  
 2 Steve Eminger            Jon Landry               40     1   2  2  

Last Minutes Offensive
   Center                   Left Wing                Right Wing               Defense                  Defense                  
   Mark Van Guilder         Colin Stuart             Micheal Haley            Chris Summers            Shane O'Brien            

Last Minutes Defensive
   Center                   Left Wing                Right Wing               Defense                  Defense                  
   Mark Van Guilder         Colin Stuart             Micheal Haley            Chris Summers            Shane O'Brien            

Goaltenders
Starting : Jordan Binnington        
Backup : Doug Carr                

Extra Forwards
Normal : Alex Friesen, Francis Wathier, Anthony Camara - PP : Alex Friesen, Francis Wathier - PK : Anthony Camara
Extra Defensemen
Normal : Jani Hakanpaa, Mike Moore, Jerome Leduc - PP : Jani Hakanpaa - PK : Mike Moore, Jerome Leduc
Penalty Shots
Colin Stuart, Mark Van Guilder, Micheal Haley, David Wolf, Dan Catenacci

Falcons

5 vs 5 Forward 
   Center                   Left Wing                Right Wing               Time % Phy DF OF 
 1 Tobias Rieder            Jacob De La Rose         Freddie Hamilton         35     1   2  2  
 2 Dmitrij Jaskin           Eric Tangradi            Greg Rallo               30     1   2  2  
 3 Markus Granlund          Drayson Bowman           Shane Harper             22     1   2  2  
 4 Jacob De La Rose         Freddie Hamilton         Eric Tangradi            13     1   2  2  

5 vs 5 Defense 
   Defense                  Defense                                           Time % Phy DF OF 
 1 Brandon Davidson         Vincent LoVerde                                   35     1   2  2  
 2 Duncan Siemens           Henrik Tommernes                                  30     1   2  2  
 3 Slater Koekkoek          Michael Kostka                                    22     1   2  2  
 4 Ville Pokka              Vincent LoVerde                                   13     1   2  2  

PowerPlay Forward 
   Center                   Left Wing                Right Wing               Time % Phy DF OF 
 1 Drayson Bowman           Jacob De La Rose         Freddie Hamilton         60     1   2  2  
 2 Shane Harper             Eric Tangradi            Greg Rallo               40     1   2  2  

PowerPlay Defense
   Defense                  Defense                                           Time % Phy DF OF 
 1 Brandon Davidson         Vincent LoVerde                                   60     1   2  2  
 2 Duncan Siemens           Henrik Tommernes                                  40     1   2  2  

Penalty Kill 4 Players Forward 
   Center                   Wing                     Time % Phy DF OF 
 1 Tobias Rieder            Jacob De La Rose         60     1   2  2  
 2 Freddie Hamilton         Eric Tangradi            40     1   2  2  

Penalty Kill 4 Players Defense
   Defense                  Defense                  Time % Phy DF OF 
 1 Slater Koekkoek          Vincent LoVerde          60     1   2  2  
 2 Duncan Siemens           Henrik Tommernes         40     1   2  2  

Penalty Kill - 3 Players Forward 
   Forward                                           Time % Phy DF OF 
 1 Freddie Hamilton                                  60     1   2  2  
 2 Jacob De La Rose                                  40     1   2  2  

Penalty Kill - 3 Players Defense
   Defense                  Defense                  Time % Phy DF OF 
 1 Slater Koekkoek          Vincent LoVerde          60     1   2  2  
 2 Duncan Siemens           Henrik Tommernes         40     1   2  2  

4 vs 4 Forward 
   Center                   Wing                     Time % Phy DF OF 
 1 Drayson Bowman           Jacob De La Rose         60     1   2  2  
 2 Freddie Hamilton         Eric Tangradi            40     1   2  2  

4 vs 4 Defense
   Defense                  Defense                  Time % Phy DF OF 
 1 Brandon Davidson         Vincent LoVerde          60     1   2  2  
 2 Duncan Siemens           Henrik Tommernes         40     1   2  2  

Last Minutes Offensive
   Center                   Left Wing                Right Wing               Defense                  Defense                  
   Tobias Rieder            Jacob De La Rose         Freddie Hamilton         Brandon Davidson         Vincent LoVerde          

Last Minutes Defensive
   Center                   Left Wing                Right Wing               Defense                  Defense                  
   Tobias Rieder            Jacob De La Rose         Freddie Hamilton         Brandon Davidson         Vincent LoVerde          

Goaltenders
Starting : Christopher Gibson       
Backup : Malcolm Subban           

Extra Forwards
Normal : Jacob De La Rose, Drayson Bowman, Shane Harper - PP : Jacob De La Rose, Drayson Bowman - PK : Shane Harper
Extra Defensemen
Normal : Slater Koekkoek, Vincent LoVerde, Duncan Siemens - PP : Slater Koekkoek - PK : Vincent LoVerde, Duncan Siemens
Penalty Shots
Tobias Rieder, Jacob De La Rose, Freddie Hamilton, Eric Tangradi, Drayson Bowman

% Time on Ice - Wild

Lines # - Real PCT - Wanted PCT - Time Play
Normal Forward
1 - 22% - 35% - 11:07
2 - 31% - 30% - 15:26
3 - 27% - 22% - 13:31
4 - 19% - 13% - 9:24
Normal Defense
1 - 26% - 35% - 13:01
2 - 35% - 30% - 17:12
3 - 30% - 22% - 14:38
4 - 9% - 13% - 4:37
PP Forward
1 - 55% - 60% - 2:10
2 - 45% - 40% - 1:48
PP Defense
1 - 54% - 60% - 2:08
2 - 46% - 40% - 1:50
PK Forward
1 - 93% - 60% - 6:06
2 - 7% - 40% - 0:28
PK Defense
1 - 78% - 60% - 5:08
2 - 22% - 40% - 1:26
PK3 Forward
1 - 0% - 60%
2 - 0% - 40%
PK3 Defense
1 - 0% - 60%
2 - 0% - 40%
44 Forward
1 - 100% - 60% - 2:19
2 - 0% - 40% - 0:00
44 Defense
1 - 58% - 60% - 1:21
2 - 42% - 40% - 0:58
Last Minute Offensive  - 0:00
Last Minute Defensive  - 0:00
Total
Forward - 62:19
Defense - 62:19

% Time on Ice - Falcons

Lines # - Real PCT - Wanted PCT - Time Play
Normal Forward
1 - 31% - 35% - 15:08
2 - 35% - 30% - 17:05
3 - 33% - 22% - 16:16
4 - 2% - 13% - 0:59
Normal Defense
1 - 26% - 35% - 13:06
2 - 20% - 30% - 9:45
3 - 46% - 22% - 22:39
4 - 8% - 13% - 3:58
PP Forward
1 - 55% - 60% - 3:38
2 - 45% - 40% - 2:56
PP Defense
1 - 56% - 60% - 3:40
2 - 44% - 40% - 2:54
PK Forward
1 - 73% - 60% - 2:54
2 - 27% - 40% - 1:04
PK Defense
1 - 74% - 60% - 2:56
2 - 26% - 40% - 1:02
PK3 Forward
1 - 0% - 60%
2 - 0% - 40%
PK3 Defense
1 - 0% - 60%
2 - 0% - 40%
44 Forward
1 - 100% - 60% - 2:19
2 - 0% - 40% - 0:00
44 Defense
1 - 58% - 60% - 1:21
2 - 42% - 40% - 0:58
Last Minute Offensive  - 0:00
Last Minute Defensive  - 0:00
Total
Forward - 62:19
Defense - 62:19

Play by Play

1st period


0:01 of 1st period - Mark Van Guilder wins face-off versus Tobias Rieder in neutral zone.
0:29 of 1st period - Icing by Shane O'Brien.
0:30 of 1st period - Mark Van Guilder wins face-off versus Dmitrij Jaskin in Wild zone.
0:37 of 1st period - Wrist shot by Greg Rallo.
0:37 of 1st period - Stopped by Jordan Binnington with a rebound.
0:45 of 1st period - Duncan Siemens is hit by Mark Van Guilder and loses puck.
1:08 of 1st period - Minor Penalty to Eric Tangradi for Hooking.
1:09 of 1st period - Tobias Rieder wins face-off versus David Wolf in Falcons zone.
1:09 of 1st period - Tobias Rieder is hit by David Wolf.
1:46 of 1st period - Wrist shot by David Wolf.
1:46 of 1st period - Shot Misses the Net.
2:15 of 1st period - Jacob De La Rose is hit by Mark Van Guilder and loses puck.
2:36 of 1st period - Snap shot by David Wolf.
2:36 of 1st period - Stopped by Christopher Gibson without a rebound.
2:37 of 1st period - David Wolf wins face-off versus Freddie Hamilton in Falcons zone.
2:38 of 1st period - Snap shot by Michael Keranen.
2:38 of 1st period - Stopped by Christopher Gibson without a rebound.
2:39 of 1st period - David Wolf wins face-off versus Freddie Hamilton in Falcons zone.
2:59 of 1st period - Slapshot by Shane O'Brien.
2:59 of 1st period - Deflect By Micheal Haley.
2:59 of 1st period - Stopped by Christopher Gibson with a rebound.
3:01 of 1st period - Wrist shot by Shane O'Brien.
3:01 of 1st period - Shot Misses the Net.
3:03 of 1st period - Slapshot by Shane O'Brien.
3:03 of 1st period - Shot Blocked by Duncan Siemens.
3:05 of 1st period - Slapshot by Chris Summers.
3:05 of 1st period - Shot Blocked by Duncan Siemens.
3:08 of 1st period - Penalty to Eric Tangradi is over, Eric Tangradi is back on ice.
4:16 of 1st period - Wrist shot by David Wolf.
4:16 of 1st period - Stopped by Christopher Gibson with a rebound.
4:18 of 1st period - Snap shot by David Wolf.
4:18 of 1st period - Shot Blocked by Markus Granlund.
4:34 of 1st period - Slapshot by Steve Eminger.
4:34 of 1st period - Stopped by Christopher Gibson without a rebound.
4:35 of 1st period - Tobias Rieder wins face-off versus Colin Stuart in Falcons zone.
5:35 of 1st period - Slapshot by Steve Eminger.
5:35 of 1st period - Stopped by Christopher Gibson without a rebound.
5:36 of 1st period - Henri Ikonen wins face-off versus Markus Granlund in Falcons zone.
6:54 of 1st period - Jacob De La Rose is hit by Jon Landry and loses puck.
7:07 of 1st period - Steve Eminger is hit by Vincent LoVerde and loses puck.
8:14 of 1st period - Drayson Bowman is hit by Cam Janssen and loses puck.
8:37 of 1st period - Henrik Tommernes is hit by Cam Janssen and loses puck.
10:14 of 1st period - Alex Friesen is hit by Dmitrij Jaskin and loses puck.
10:39 of 1st period - Backhand shot by Micheal Haley.
10:39 of 1st period - Stopped by Christopher Gibson without a rebound.
10:40 of 1st period - Markus Granlund wins face-off versus Mark Van Guilder in Falcons zone.
11:23 of 1st period - Snap shot by Tobias Rieder.
11:23 of 1st period - Shot Misses the Net.
12:03 of 1st period - Off-side.
12:04 of 1st period - David Wolf wins face-off versus Tobias Rieder in neutral zone.
12:49 of 1st period - Snap shot by Dmitrij Jaskin.
12:49 of 1st period - Stopped by Jordan Binnington without a rebound.
12:50 of 1st period - Eric Tangradi wins face-off versus David Wolf in Wild zone.
12:51 of 1st period - Wrist shot by Dmitrij Jaskin.
12:51 of 1st period - Shot Misses the Net.
12:53 of 1st period - Snap shot by Greg Rallo.
12:53 of 1st period - Stopped by Jordan Binnington with a rebound.
12:55 of 1st period - Snap shot by Eric Tangradi.
12:55 of 1st period - Stopped by Jordan Binnington with a rebound.
12:57 of 1st period - Wrist shot by Greg Rallo.
12:57 of 1st period - Stopped by Jordan Binnington with a rebound.
12:59 of 1st period - Snap shot by Duncan Siemens.
12:59 of 1st period - Shot Blocked by Dan Catenacci.
13:21 of 1st period - Backhand shot by Tobias Rieder.
13:21 of 1st period - Shot Misses the Net.
13:27 of 1st period - Tobias Rieder is hit by Jon Landry and loses puck.
13:44 of 1st period - Slapshot by Alex Friesen.
13:44 of 1st period - Stopped by Christopher Gibson with a rebound.
14:16 of 1st period - Icing by Anthony Camara.
14:17 of 1st period - Markus Granlund wins face-off versus Anthony Camara in Wild zone.
14:52 of 1st period - Snap shot by Dmitrij Jaskin.
14:52 of 1st period - Shot Misses the Net.
14:54 of 1st period - Wrist shot by Brandon Davidson.
14:54 of 1st period - Shot Blocked by Mike Moore.
15:34 of 1st period - Wrist shot by Dmitrij Jaskin.
15:34 of 1st period - Shot Misses the Net.
15:36 of 1st period - Slapshot by Slater Koekkoek.
15:36 of 1st period - Stopped by Jordan Binnington without a rebound.
15:37 of 1st period - Dmitrij Jaskin wins face-off versus David Wolf in Wild zone.
16:15 of 1st period - Dmitrij Jaskin is hit by Cam Janssen and loses puck.
16:30 of 1st period - Cam Janssen is hit by Dmitrij Jaskin and loses puck.
17:14 of 1st period - Off-side.
17:15 of 1st period - Dan Catenacci wins face-off versus Markus Granlund in neutral zone.
17:28 of 1st period - Slater Koekkoek is hit by Dan Catenacci and loses puck.
17:29 of 1st period - Slater Koekkoek from Falcons is injured at 17:29 of 1st period (Sprained Right Finger).
17:30 of 1st period - Jacob De La Rose wins face-off versus Mark Van Guilder in Falcons zone.
18:00 of 1st period - Slapshot by Shane O'Brien.
18:00 of 1st period - Shot Misses the Net.
18:26 of 1st period - Snap shot by Michael Keranen.
18:26 of 1st period - Stopped by Christopher Gibson with a rebound.
18:28 of 1st period - Slapshot by Jon Landry.
18:28 of 1st period - Deflect By Jacob De La Rose.
18:28 of 1st period - Stopped by Christopher Gibson without a rebound.
18:29 of 1st period - David Wolf wins face-off versus Drayson Bowman in Falcons zone.
18:46 of 1st period - Snap shot by Dan Catenacci.
18:46 of 1st period - Stopped by Christopher Gibson with a rebound.
19:52 of 1st period - Michael Kostka and Jani Hakanpaa fight to a draw.
19:52 of 1st period - Penalty to Michael Kostka for Fighting.
19:52 of 1st period - Penalty to Jani Hakanpaa for Fighting.
19:52 of 1st period - Penalty to Michael Kostka for instigated a fight.
19:52 of 1st period - Penalty to Michael Kostka for instigated a fight.
19:53 of 1st period - Mark Van Guilder wins face-off versus Tobias Rieder in Wild zone.
Goals for this period are 0 for Wild vs 0 for Falcons.
Shots for this period are 11 for Wild vs 6 for Falcons.

2nd period


0:01 of 2nd period - Mark Van Guilder wins face-off versus Tobias Rieder in neutral zone.
0:04 of 2nd period - Slapshot by Shane O'Brien.
0:04 of 2nd period - Shot Misses the Net.
0:06 of 2nd period - Snap shot by Micheal Haley.
0:06 of 2nd period - Stopped by Christopher Gibson without a rebound.
0:07 of 2nd period - Mark Van Guilder wins face-off versus Tobias Rieder in Falcons zone.
1:00 of 2nd period - Michael Keranen is hit by Jacob De La Rose and loses puck.
1:39 of 2nd period - Mark Van Guilder is hit by Shane Harper and loses puck.
1:52 of 2nd period - Penalty to Michael Kostka is over, Dmitrij Jaskin is send on ice.
2:28 of 2nd period - Jerome Leduc is hit by Eric Tangradi.
3:02 of 2nd period - Anthony Camara is hit by Drayson Bowman and loses puck.
4:30 of 2nd period - Brandon Davidson is hit by Micheal Haley and loses puck.
4:42 of 2nd period - Minor Penalty to Micheal Haley for Hooking.
4:43 of 2nd period - Drayson Bowman wins face-off versus Anthony Camara in Wild zone.
4:43 of 2nd period - Snap shot by Freddie Hamilton.
4:43 of 2nd period - Shot Misses the Net.
4:52 of 2nd period - Penalty to Jani Hakanpaa is over, Jani Hakanpaa is back on ice.
4:57 of 2nd period - Slapshot by Drayson Bowman.
4:57 of 2nd period - Shot Misses the Net.
5:13 of 2nd period - Snap shot by Greg Rallo.
5:13 of 2nd period - Deflect By Jon Landry.
5:13 of 2nd period - Stopped by Jordan Binnington without a rebound.
5:14 of 2nd period - Shane Harper wins face-off versus Anthony Camara in Wild zone.
5:19 of 2nd period - Snap shot by Shane Harper.
5:19 of 2nd period - Deflect By Chris Summers.
5:19 of 2nd period - Goal by Shane Harper - Wild : 0 - Falcons : 1.
5:20 of 2nd period - David Wolf wins face-off versus Markus Granlund in neutral zone.
6:56 of 2nd period - Anthony Camara is hit by Dmitrij Jaskin and loses puck.
7:51 of 2nd period - Snap shot by Colin Stuart.
7:51 of 2nd period - Deflect By Micheal Haley.
7:51 of 2nd period - Shot Blocked by Henrik Tommernes.
7:51 of 2nd period - Puck is out of play.
7:52 of 2nd period - Tobias Rieder wins face-off versus Mark Van Guilder in Falcons zone.
8:02 of 2nd period - Backhand shot by Jacob De La Rose.
8:02 of 2nd period - Shot Hit the Post.
8:04 of 2nd period - Wrist shot by Freddie Hamilton.
8:04 of 2nd period - Stopped by Jordan Binnington without a rebound.
8:05 of 2nd period - Alex Friesen wins face-off versus Tobias Rieder in Wild zone.
8:05 of 2nd period - Alex Friesen is hit by Ville Pokka.
8:11 of 2nd period - Alex Friesen is hit by Tobias Rieder.
8:20 of 2nd period - Chris Summers is hit by Tobias Rieder and loses puck.
8:53 of 2nd period - David Wolf is hit by Ville Pokka.
9:35 of 2nd period - Snap shot by Micheal Haley.
9:35 of 2nd period - Deflect By Markus Granlund.
9:35 of 2nd period - Shot Misses the Net.
9:35 of 2nd period - Puck is out of play.
9:36 of 2nd period - Anthony Camara wins face-off versus Tobias Rieder in Falcons zone.
9:49 of 2nd period - Jon Landry is hit by Henrik Tommernes and loses puck.
10:13 of 2nd period - Jon Landry is hit by Eric Tangradi and loses puck.
10:42 of 2nd period - Slapshot by Michael Keranen.
10:42 of 2nd period - Shot Blocked by Jacob De La Rose.
10:44 of 2nd period - Slapshot by Shane O'Brien.
10:44 of 2nd period - Stopped by Christopher Gibson with a rebound.
11:13 of 2nd period - Jani Hakanpaa is hit by Shane Harper and loses puck.
12:16 of 2nd period - Snap shot by David Wolf.
12:16 of 2nd period - Shot Blocked by Ville Pokka.
12:29 of 2nd period - Off-side.
12:30 of 2nd period - Markus Granlund wins face-off versus Alex Friesen in neutral zone.
12:37 of 2nd period - Off-side.
12:38 of 2nd period - Markus Granlund wins face-off versus Alex Friesen in neutral zone.
12:59 of 2nd period - Snap shot by Alex Friesen.
12:59 of 2nd period - Shot Misses the Net.
13:01 of 2nd period - Slapshot by Chris Summers.
13:01 of 2nd period - Deflect By Markus Granlund.
13:01 of 2nd period - Goal by Chris Summers - Wild : 1 - Falcons : 1.
13:02 of 2nd period - David Wolf wins face-off versus Tobias Rieder in neutral zone.
13:43 of 2nd period - Slapshot by Greg Rallo.
13:43 of 2nd period - Stopped by Jordan Binnington with a rebound.
14:17 of 2nd period - Snap shot by Mark Van Guilder.
14:17 of 2nd period - Stopped by Christopher Gibson with a rebound.
14:52 of 2nd period - 10 Minutes Misconduct Penalty to Michael Kostka is over.
15:24 of 2nd period - Off-side.
15:25 of 2nd period - Colin Stuart wins face-off versus Markus Granlund in neutral zone.
16:37 of 2nd period - Steve Eminger is hit by Dmitrij Jaskin.
17:27 of 2nd period - Brandon Davidson is hit by Steve Eminger and loses puck.
18:01 of 2nd period - Minor Penalty to Henri Ikonen for High sticking.
18:02 of 2nd period - Drayson Bowman wins face-off versus Colin Stuart in Wild zone.
18:20 of 2nd period - Snap shot by Freddie Hamilton.
18:20 of 2nd period - Shot Blocked by Chris Summers.
18:39 of 2nd period - Slapshot by Brandon Davidson.
18:39 of 2nd period - Shot Blocked by Shane O'Brien.
18:41 of 2nd period - Slapshot by Brandon Davidson.
18:41 of 2nd period - Deflect By Drayson Bowman.
18:41 of 2nd period - Shot Misses the Net.
18:41 of 2nd period - Puck is out of play.
18:42 of 2nd period - Anthony Camara wins face-off versus Drayson Bowman in Wild zone.
19:02 of 2nd period - Mark Van Guilder is hit by Vincent LoVerde.
19:26 of 2nd period - Snap shot by Freddie Hamilton.
19:26 of 2nd period - Shot Misses the Net.
Goals for this period are 1 for Wild vs 1 for Falcons.
Shots for this period are 4 for Wild vs 4 for Falcons.

3rd period


0:01 of 3rd period - Penalty to Henri Ikonen is over, Henri Ikonen is back on ice.
0:01 of 3rd period - Drayson Bowman wins face-off versus Colin Stuart in neutral zone.
0:06 of 3rd period - Slapshot by Freddie Hamilton.
0:06 of 3rd period - Deflect By Drayson Bowman.
0:06 of 3rd period - Stopped by Jordan Binnington with a rebound.
0:08 of 3rd period - Slapshot by Vincent LoVerde.
0:08 of 3rd period - Shot Blocked by Chris Summers.
0:22 of 3rd period - Brandon Davidson is hit by Shane O'Brien and loses puck.
0:46 of 3rd period - Wrist shot by Dmitrij Jaskin.
0:46 of 3rd period - Stopped by Jordan Binnington with a rebound.
0:48 of 3rd period - Slapshot by Brandon Davidson.
0:48 of 3rd period - Shot Misses the Net.
1:00 of 3rd period - Steve Eminger is hit by Eric Tangradi.
1:05 of 3rd period - Off-side.
1:06 of 3rd period - David Wolf wins face-off versus Markus Granlund in neutral zone.
1:11 of 3rd period - Slapshot by David Wolf.
1:11 of 3rd period - Shot Misses the Net.
1:13 of 3rd period - Slapshot by Dan Catenacci.
1:13 of 3rd period - Stopped by Christopher Gibson with a rebound.
1:27 of 3rd period - Snap shot by David Wolf.
1:27 of 3rd period - Shot Blocked by Henrik Tommernes.
1:51 of 3rd period - Slapshot by Steve Eminger.
1:51 of 3rd period - Deflect By Alex Friesen.
1:51 of 3rd period - Stopped by Christopher Gibson with a rebound.
1:53 of 3rd period - Wrist shot by Henri Ikonen.
1:53 of 3rd period - Stopped by Christopher Gibson with a rebound.
1:55 of 3rd period - Snap shot by Alex Friesen.
1:55 of 3rd period - Shot Misses the Net.
1:57 of 3rd period - Slapshot by Mike Moore.
1:57 of 3rd period - Stopped by Christopher Gibson with a rebound.
1:59 of 3rd period - Snap shot by Alex Friesen.
1:59 of 3rd period - Shot Blocked by Duncan Siemens.
2:01 of 3rd period - Snap shot by Alex Friesen.
2:01 of 3rd period - Shot Blocked by Henrik Tommernes.
2:03 of 3rd period - Slapshot by Jani Hakanpaa.
2:03 of 3rd period - Shot Blocked by Henrik Tommernes.
2:05 of 3rd period - Slapshot by Francis Wathier.
2:05 of 3rd period - Stopped by Christopher Gibson without a rebound.
2:06 of 3rd period - Colin Stuart wins face-off versus Tobias Rieder in Falcons zone.
2:12 of 3rd period - Wrist shot by Colin Stuart.
2:12 of 3rd period - Stopped by Christopher Gibson with a rebound.
2:14 of 3rd period - Snap shot by Anthony Camara.
2:14 of 3rd period - Shot Blocked by Brandon Davidson.
2:16 of 3rd period - Slapshot by Mike Moore.
2:16 of 3rd period - Stopped by Christopher Gibson without a rebound.
2:17 of 3rd period - Tobias Rieder wins face-off versus Colin Stuart in Falcons zone.
2:17 of 3rd period - Tobias Rieder is hit by Colin Stuart.
2:29 of 3rd period - Slapshot by Tobias Rieder.
2:29 of 3rd period - Shot Misses the Net.
2:49 of 3rd period - Snap shot by Jacob De La Rose.
2:49 of 3rd period - Shot Misses the Net.
3:09 of 3rd period - Eric Tangradi is hit by Shane O'Brien and loses puck.
3:17 of 3rd period - Icing by Brandon Davidson.
3:18 of 3rd period - David Wolf wins face-off versus Dmitrij Jaskin in Falcons zone.
3:19 of 3rd period - Wrist shot by Michael Keranen.
3:19 of 3rd period - Shot Misses the Net.
3:23 of 3rd period - Wrist shot by Michael Keranen.
3:23 of 3rd period - Shot Misses the Net.
4:15 of 3rd period - Markus Granlund is hit by Steve Eminger and loses puck.
5:16 of 3rd period - Icing by Markus Granlund.
5:17 of 3rd period - Markus Granlund wins face-off versus David Wolf in Falcons zone.
5:17 of 3rd period - Markus Granlund is hit by Jerome Leduc.
5:25 of 3rd period - Michael Keranen is hit by Drayson Bowman.
5:54 of 3rd period - Wrist shot by Dmitrij Jaskin.
5:54 of 3rd period - Stopped by Jordan Binnington without a rebound.
5:55 of 3rd period - Alex Friesen wins face-off versus Dmitrij Jaskin in Wild zone.
6:18 of 3rd period - Wrist shot by Francis Wathier.
6:18 of 3rd period - Shot Blocked by Eric Tangradi.
6:20 of 3rd period - Snap shot by Francis Wathier.
6:20 of 3rd period - Shot Misses the Net.
6:45 of 3rd period - Eric Tangradi is hit by Jon Landry and loses puck.
8:12 of 3rd period - Snap shot by Tobias Rieder.
8:12 of 3rd period - Shot Misses the Net.
8:14 of 3rd period - Snap shot by Freddie Hamilton.
8:14 of 3rd period - Stopped by Jordan Binnington with a rebound.
8:16 of 3rd period - Snap shot by Jacob De La Rose.
8:16 of 3rd period - Stopped by Jordan Binnington with a rebound.
8:18 of 3rd period - Snap shot by Freddie Hamilton.
8:18 of 3rd period - Stopped by Jordan Binnington with a rebound.
8:34 of 3rd period - Snap shot by Markus Granlund.
8:34 of 3rd period - Shot Misses the Net.
8:36 of 3rd period - Minor Penalty to Francis Wathier for Tripping.
8:37 of 3rd period - Colin Stuart wins face-off versus Shane Harper in Wild zone.
8:46 of 3rd period - Snap shot by Greg Rallo.
8:46 of 3rd period - Shot Misses the Net.
9:01 of 3rd period - Colin Stuart is hit by Eric Tangradi and loses puck.
9:36 of 3rd period - Drayson Bowman is hit by Colin Stuart and loses puck.
10:01 of 3rd period - Anthony Camara is hit by Shane Harper and loses puck.
10:24 of 3rd period - Slapshot by Freddie Hamilton.
10:24 of 3rd period - Deflect By Chris Summers.
10:24 of 3rd period - Stopped by Jordan Binnington without a rebound.
10:25 of 3rd period - Anthony Camara wins face-off versus Drayson Bowman in Wild zone.
10:36 of 3rd period - Penalty to Francis Wathier is over, Francis Wathier is back on ice.
10:43 of 3rd period - Henrik Tommernes is hit by Steve Eminger and loses puck.
10:50 of 3rd period - Jon Landry is hit by Dmitrij Jaskin and loses puck.
12:01 of 3rd period - Chris Summers is hit by Eric Tangradi and loses puck.
13:08 of 3rd period - Dan Catenacci is hit by Freddie Hamilton and loses puck.
13:41 of 3rd period - Snap shot by Markus Granlund.
13:41 of 3rd period - Deflect By Shane Harper.
13:41 of 3rd period - Stopped by Jordan Binnington without a rebound.
13:42 of 3rd period - Markus Granlund wins face-off versus Colin Stuart in Wild zone.
14:13 of 3rd period - Snap shot by Alex Friesen.
14:13 of 3rd period - Shot Blocked by Henrik Tommernes.
14:15 of 3rd period - Slapshot by Jani Hakanpaa.
14:15 of 3rd period - Stopped by Christopher Gibson without a rebound.
14:16 of 3rd period - Alex Friesen wins face-off versus Dmitrij Jaskin in Falcons zone.
15:28 of 3rd period - Wrist shot by Mark Van Guilder.
15:28 of 3rd period - Deflect By Micheal Haley.
15:28 of 3rd period - Stopped by Christopher Gibson with a rebound.
15:57 of 3rd period - Dmitrij Jaskin is hit by Shane O'Brien and loses puck.
16:18 of 3rd period - Tobias Rieder is hit by Chris Summers and loses puck.
16:26 of 3rd period - Icing by Tobias Rieder.
16:27 of 3rd period - Francis Wathier wins face-off versus Tobias Rieder in Falcons zone.
16:28 of 3rd period - Wrist shot by Alex Friesen.
16:28 of 3rd period - Stopped by Christopher Gibson with a rebound.
16:30 of 3rd period - Slapshot by Steve Eminger.
16:30 of 3rd period - Shot Blocked by Tobias Rieder.
16:47 of 3rd period - Off-side.
16:48 of 3rd period - Dmitrij Jaskin wins face-off versus Anthony Camara in neutral zone.
16:57 of 3rd period - Brandon Davidson is hit by Francis Wathier and loses puck.
17:08 of 3rd period - Wrist shot by Anthony Camara.
17:08 of 3rd period - Stopped by Christopher Gibson without a rebound.
17:09 of 3rd period - David Wolf wins face-off versus Tobias Rieder in Falcons zone.
17:22 of 3rd period - Slapshot by Brandon Davidson.
17:22 of 3rd period - Stopped by Jordan Binnington without a rebound.
17:23 of 3rd period - David Wolf wins face-off versus Tobias Rieder in Wild zone.
17:25 of 3rd period - Minor Penalty to David Wolf for Hooking.
17:26 of 3rd period - Shane Harper wins face-off versus Colin Stuart in Wild zone.
17:40 of 3rd period - Snap shot by Greg Rallo.
17:40 of 3rd period - Stopped by Jordan Binnington with a rebound.
17:42 of 3rd period - Slapshot by Eric Tangradi.
17:42 of 3rd period - Stopped by Jordan Binnington without a rebound.
17:43 of 3rd period - Colin Stuart wins face-off versus Greg Rallo in Wild zone.
18:20 of 3rd period - Shane O'Brien is hit by Drayson Bowman and loses puck.
18:31 of 3rd period - Chris Summers is hit by Vincent LoVerde and loses puck.
18:42 of 3rd period - Wrist shot by Eric Tangradi.
18:42 of 3rd period - Shot Blocked by Chris Summers.
18:44 of 3rd period - Slapshot by Eric Tangradi.
18:44 of 3rd period - Shot Misses the Net.
18:56 of 3rd period - Slapshot by Drayson Bowman.
18:56 of 3rd period - Stopped by Jordan Binnington without a rebound.
18:57 of 3rd period - Micheal Haley wins face-off versus Drayson Bowman in Wild zone.
19:25 of 3rd period - Penalty to David Wolf is over, David Wolf is back on ice.
Goals for this period are 0 for Wild vs 0 for Falcons.
Shots for this period are 11 for Wild vs 12 for Falcons.

Overtime #1


0:01 of 1st overtime period - Drayson Bowman wins face-off versus Colin Stuart in neutral zone.
0:04 of 1st overtime period - Snap shot by Brandon Davidson.
0:04 of 1st overtime period - Shot Blocked by Chris Summers.
0:24 of 1st overtime period - Wrist shot by Chris Summers.
0:24 of 1st overtime period - Stopped by Christopher Gibson without a rebound.
0:25 of 1st overtime period - Colin Stuart wins face-off versus Drayson Bowman in Falcons zone.
0:46 of 1st overtime period - Wrist shot by Drayson Bowman.
0:46 of 1st overtime period - Shot Hit the Post.
1:02 of 1st overtime period - Chris Summers is hit by Vincent LoVerde and loses puck.
1:33 of 1st overtime period - Snap shot by Colin Stuart.
1:33 of 1st overtime period - Shot Blocked by Drayson Bowman.
1:35 of 1st overtime period - Slapshot by Jon Landry.
1:35 of 1st overtime period - Deflect By Colin Stuart.
1:35 of 1st overtime period - Stopped by Christopher Gibson with a rebound.
1:37 of 1st overtime period - Wrist shot by Mark Van Guilder.
1:37 of 1st overtime period - Shot Blocked by Drayson Bowman.
1:39 of 1st overtime period - Snap shot by Mark Van Guilder.
1:39 of 1st overtime period - Stopped by Christopher Gibson with a rebound.
2:00 of 1st overtime period - Steve Eminger is hit by Dmitrij Jaskin and loses puck.
2:11 of 1st overtime period - Slapshot by Brandon Davidson.
2:11 of 1st overtime period - Shot Blocked by Steve Eminger.
2:13 of 1st overtime period - Wrist shot by Brandon Davidson.
2:13 of 1st overtime period - Stopped by Jordan Binnington with a rebound.
2:15 of 1st overtime period - Wrist shot by Shane Harper.
2:15 of 1st overtime period - Shot Misses the Net.
2:17 of 1st overtime period - Slapshot by Vincent LoVerde.
2:17 of 1st overtime period - Stopped by Jordan Binnington with a rebound.
2:19 of 1st overtime period - Backhand shot by Brandon Davidson.
2:19 of 1st overtime period - Deflect By Alex Friesen.
2:19 of 1st overtime period - Goal by Brandon Davidson - Wild : 1 - Falcons : 2.
Goals for this period are 0 for Wild vs 1 for Falcons.
Shots for this period are 3 for Wild vs 3 for Falcons.